 Dungeon Crawl Stone Soup version 0.29.0-11-gd7f09526c8 (webtiles) character file.

Game seed: 18021161259108057931

170 xian the Covered (level 5, 0/33 HPs)
             Began as a Tengu Fighter on Sept 3, 2022.
             Slain by an orc
             ... wielding a +0 flail
              (4 damage)
             ... on level 4 of the Dungeon.
             The game lasted 00:05:50 (3599 turns).

xian the Covered (Tengu Fighter)                    Turns: 3599, Time: 00:05:51

Health: 0/33       AC:  9    Str: 19    XL:     5   Next: 50%
Magic:  6/6        EV:  8    Int:  8    God:
Gold:   247        SH:  4    Dex: 13    Spells: 4/4 levels left

rFire   . . .      SeeInvis .   x - +2 dagger (venom)
rCold   . . .      Faith    .   c - +0 buckler
rNeg    . . .      Spirit   .   h - +0 chain mail
rPois   .          Reflect  .   (helmet restricted)
rElec   .          Harm     .   (no cloak)
rCorr   .          Rampage  .   (no gloves)
Will    .....                   (boots unavailable)
Stlth   ..........              (no amulet)
HPRegen 0.11/turn               (no ring)
MPRegen 0.10/turn               (no ring)

@: mighty, flying quickly and evasively, quick
A: beak, talons 3, nimble flight
a: no special abilities


You were on level 4 of the Dungeon.
You visited 2 branches of the dungeon, and saw 5 of its levels.

You collected 247 gold pieces.

Inventory:

Hand Weapons
 a - a +0 long sword
 q - a +0 arbalest
 x - a +2 dagger of venom (weapon)
Missiles
 n - a poisoned dart (quivered)
 u - 2 boomerangs
Armour
 b - a +0 scale mail
 c - a +0 buckler (worn)
 h - a +0 chain mail (worn)
Wands
 r - a wand of light (6)
 s - a wand of charming (11)
Scrolls
 f - a scroll of amnesia {unknown}
 j - a scroll of summoning {unknown}
 l - a scroll of butterflies
 o - a scroll of teleportation {unknown}
 t - a scroll of enchant armour {unknown}
 w - a scroll of identify {unknown}
 y - a scroll of vulnerability
Potions
 e - 3 potions of haste {unknown}
 g - a potion of ambrosia {unknown}
 i - a potion of attraction {unknown}
 k - 3 potions of cancellation {unknown}
 m - 2 potions of berserk rage {unknown}
 p - 3 potions of heal wounds {unknown}
 v - a potion of brilliance {unknown}
 z - a potion of lignification {unknown}


   Skills:
 + Level 3.7 Fighting
 + Level 0.1(2.0) Short Blades
 + Level 3.3 Long Blades
 * Level 1.5 Throwing
 + Level 4.6 Armour
 + Level 0.1 Dodging
 + Level 1.0 Stealth
 + Level 3.2 Shields


You had 4 spell levels left.
You didn't know any spells.
Your spell library was empty.

Dungeon Overview and Level Annotations

Branches:
Dungeon (4/15)             Temple (1/1) D:4

Altars:
Kikubaaqudgha
Makhleb
Nemelex Xobeh
Ru
Sif Muna
Vehumet
Xom


Innate Abilities, Weirdness & Mutations

You have a beak for a mouth.
You have claws for feet.
Your magical nature lets you fly swiftly and evasively.


Message History

You barely miss the orc wizard. You claw the orc wizard.
The orc wizard is moderately wounded.
The orc wizard hits you but does no damage.
You barely miss the orc wizard. Your kick misses the orc wizard.
The orc wizard is moderately wounded.
The orc barely misses you. The orc wizard barely misses you.
You barely miss the orc wizard. You claw the orc wizard.
Your peck misses the orc wizard.
The orc wizard is moderately wounded.
The orc hits you but does no damage.
The orc wizard hits you but does no damage.
An orc priest comes into view. It is wielding a +0 falchion.
You hit the orc wizard. You claw the orc wizard.
The orc wizard is heavily wounded.
You block the orc's attack.
The orc wizard hits you but does no damage.
The orc hits you but does no damage.
You feel very mighty all of a sudden. The orc hits you with a +3 dagger.
The orc wizard barely misses you. The orc closely misses you.
The orc priest mumbles some strange prayers to Beogh against you.
Beogh smites you!
* * * LOW HITPOINT WARNING * * *
Unknown command.
You hit the orc wizard.
The orc wizard is poisoned.
You peck the orc wizard!
You kill the orc wizard!
The orc completely misses you.
The orc hits you with a +0 flail of holy wrath.
* * * LOW HITPOINT WARNING * * *
The orc throws a boomerang.
The boomerang completely misses you.
Your Stealth skill increases to level 1!
You puncture the orc!
You kill the orc!
The orc hits you with a +0 flail of holy wrath.
* * * LOW HITPOINT WARNING * * *
You puncture the orc priest!
You kill the orc priest!
The orc barely misses you. The orc hits you but does no damage.
The orc hits you with a +0 flail.
You die...

####### #.....#.... ......#
#..o..#...# #+ ......#
#.....#...##... ......#
+..o>o#........ ......#
#.....#........ ......#
#.....#........
......#####.....#.####...
#.............###.#########
#.............'.@oo#......#
#.............#....#......#
#.............#....#......#
#.............#....#......#
#####.........#...##......#
....+.........#...##......#
....#.........#...#.......#
....#..(...^..#...'.......#
....#.........#...#.......#


You could see 2 orcs.

Vanquished Creatures
  An orc priest (D:4)
  An orc wizard (D:4)
  5 adders
  A white imp (D:4)
  3 dart slugs
  2 orcs
  7 endoplasms
  2 giant cockroaches
  6 goblins
  7 hobgoblins
  3 jackals (D:4)
  A kobold (D:2)
  4 quokkas
  5 ball pythons
  2 bats
  3 frilled lizards
  3 rats
56 creatures vanquished.

Notes
Turn   | Place    | Note
-------+----------+-------------------------------------------
     0 | D:1      | xian the Tengu Fighter began the quest for the Orb.
     0 | D:1      | Reached XP level 1. HP: 14/14 MP: 2/2
   387 | D:1      | Reached XP level 2. HP: 19/19 MP: 3/3
  1037 | D:1      | Reached XP level 3. HP: 23/23 MP: 4/4
  1250 | D:2      | Reached skill level 4 in Armour
  1368 | D:2      | Reached XP level 4. HP: 28/28 MP: 5/5
  2181 | D:3      | Found a faded altar of an unknown god.
  2713 | D:4      | Found a staircase to the Ecumenical Temple.
  2727 | Temple   | Entered the Ecumenical Temple
  3148 | D:4      | Reached skill level 1 in Throwing
  3406 | D:4      | Gained mutation: Your magical nature lets you fly swiftly
                  | and evasively. [Tengu growth]
  3406 | D:4      | Reached XP level 5. HP: 25/33 MP: 6/6
  3497 | D:4      | Found a radiant altar of Vehumet.
  3597 | D:4      | Reached skill level 1 in Stealth
  3599 | D:4      | Slain by an orc

Illustrated notes

Levels and vault maps discovered:
D:1:      dpeg_arrival_arbitrary_a, layout_basic
D:2:      layout_basic, minmay_tromino_v4_a
D:3:      layout_basic, shapermc_ecumenical_altar_flowoftime
D:4:      layout_gridville, lemuel_coloured_pillars_altar,
          minmay_temple_entry_stoned_glass, nicolae_underground_beach,
          uniq_sigmund
Temple:   nicolae_temple_two_arcs

Skill      XL: |  1  2  3  4  5 |
---------------+----------------+-----
Armour         | 4 |  4.6
Long Blades    | 3 |  3.3
Throwing       | 1 |  1.5
Stealth        | 1 |  1.0
Fighting       | |  3.7
Short Blades   | |  0.1
Dodging        | |  0.1
Shields        | |  3.2

Action                   |  1- 3 |  4- 6 || total
-------------------------+-------+-------++-------
Melee: Long sword        |    61 |    41 ||   102
       Kick              |     8 |    19 ||    27
       Peck              |     9 |     3 ||    12
       Dagger            |       |    27 ||    27
Throw: Dart              |       |     1 ||     1
  Use: Scroll            |       |     3 ||     3
       Potion            |       |     1 ||     1
Armor: Scale mail        |    34 |       ||    34
       Chain mail        |     1 |    34 ||    35
Dodge: Dodged            |    22 |    38 ||    60
Block: Buckler           |    14 |    15 ||    29
